 Dungeon Crawl Stone Soup version 0.25-a0-822-g6581751 (webtiles) character file.

Game seed: 2508622243790124841, levelgen mode: deterministic

8572 robertstho the Impaler (level 11, -2/90 HPs)
             Began as a Merfolk Berserker on Apr 20, 2020.
             Was an Elder of Trog.
             Slain by a troll (13 damage)
             ... on level 11 of the Dungeon.
             The game lasted 00:16:54 (9391 turns).

robertstho the Impaler (Merfolk Berserker)          Turns: 9391, Time: 00:16:55

Health: -2/90      AC: 19    Str: 20    XL:     11   Next: 33%
Magic:  3/3        EV:  9    Int:  8    God:    Trog [****..]
Gold:   569        SH:  0    Dex: 13    Spells: 10/10 levels left

rFire    + . .     SeeInvis .   K - +9 halberd (antimagic)
rCold    + . .     Gourm    .   (shield currently unavailable)
rNeg     + . .     Faith    .   E - +0 plate armour
rPois    .         Spirit   .   f - +1 helmet
rElec    .         Reflect  .   I - +1 cloak of Duty {rF+ rN+}
rCorr    +         Harm     .   l - +0 pair of gloves
MR       .....                  b - +0 pair of boots
Stlth    ..........             (no amulet)
HPRegen  0.25/turn              r - ring of resist corrosion
MPRegen  0.08/turn              s - ring of protection from cold

@: berserk cooldown, slowed, very slow
A: change form in water, swift swim, stealthy swim
a: Berserk, Trog's Hand, Brothers in Arms, Renounce Religion


You were on level 11 of the Dungeon.
You worshipped Trog.
Trog was greatly pleased with you.
You were not hungry.

You visited 1 branch of the dungeon, and saw 11 of its levels.
You also visited: Ossuary.

You collected 835 gold pieces.
You spent 266 gold pieces at shops.

Inventory:

Hand Weapons
 H - a +5 spear of venom
 K - a +9 antimagic halberd (weapon)
Armour
 b - a +0 pair of boots (worn)
 f - a +1 helmet (worn)
 h - a +0 ring mail of cold resistance
 k - a +0 cloak
 l - a +0 pair of gloves (worn)
 E - a +0 plate armour (worn)
 I - the +1 cloak of Duty (worn) {rF+ rN+}
   (You found it on level 9 of the Dungeon)

   It protects you from fire.
   It protects you from negative energy.
Jewellery
 r - a ring of resist corrosion (left hand)
 s - a ring of protection from cold (right hand)
 B - an uncursed ring of positive energy
Wands
 a - a wand of digging (4)
 J - a wand of enslavement (12)
Scrolls
 e - 4 scrolls of blinking
 j - a scroll of noise {unknown}
 n - a scroll of immolation {unknown}
 o - 4 scrolls of remove curse
 p - 2 scrolls of enchant armour
 q - 3 scrolls of teleportation
 t - a scroll of vulnerability
 x - 2 scrolls of enchant weapon
 y - a scroll of magic mapping
 D - 4 scrolls of fog
 G - a scroll of amnesia {unknown}
Potions
 d - 3 potions of heal wounds
 g - 11 potions of curing
 m - a potion of ambrosia
 v - 2 potions of stabbing
 w - a potion of lignification
 z - 2 potions of cancellation
 A - 2 potions of berserk rage {unknown}
 C - a potion of magic
 F - 2 potions of flight {unknown}
Comestibles
 c - 24 rations


   Skills:
 * Level 9.9 Fighting
 * Level 15.6 Polearms
 * Level 6.2 Armour
 * Level 8.1 Dodging
 + Level 1.0 Stealth
 + Level 0.1 Evocations


You had 10 spell levels left.
You didn't know any spells.
Your spell library was empty.

Dungeon Overview and Level Annotations

Branches:
Dungeon (11/15)            Temple (0/1) D:6            Lair (0/6) D:8
    Orc (0/2) D:10        Ossuary (visited)

Altars:
Ashenzari
Cheibriados
Dithmenos
Elyvilon
Fedhas
Gozag
Kikubaaqudgha
Okawaru
Qazlal
Ru
Sif Muna
Trog
Wu Jian
Xom
The Shining One

Shops:
D:6 **:%

Portals:
Trove: D:10 (show abyssal rune of Zot)

Annotations:
D:11 Sonja


Message History

* * * LOW HITPOINT WARNING * * *
You eat one of the 25 rations.
That ration really hit the spot!
The troll bites you but does no damage.
The troll claws you but does no damage. x2
The troll bites you but does no damage. The troll claws you but does no damage.
The troll claws you.
* * * LOW HITPOINT WARNING * * *
Okay, then.
You feel much better. The troll bites you but does no damage.
The troll claws you!
* * * LOW HITPOINT WARNING * * *
The troll barely misses you.
Your ogre goes berserk!
You feel somewhat more hungry. Trog will no longer gift you weapons.
The troll bites you.
* * * LOW HITPOINT WARNING * * *
The troll claws you.
* * * LOW HITPOINT WARNING * * *
The troll claws you but does no damage. The troll bites you!
You die...

.... #... #..#
#..### $....
#..#
#####K.##.###
#..@TTK......
#..O####K...##.
#.. ....... #.
.K..... #
....... #......
...... o.###.


You could see 2 trolls, a big kobold, 2 kobolds and a friendly ogre (berserk).

Vanquished Creatures
  Pikel (D:6)
  A gargoyle (D:11)
  Psyche (D:9)
  3 trolls
  A meliai (D:11)
  3 hippogriffs
  A shadow (D:11)
  A spriggan (D:9)
  Sigmund (D:5)
  A wyvern (D:8)
  2 hungry ghosts
  A steam dragon (D:11)
  Edmund (D:5)
  4 wargs (D:10)
  2 water moccasins
  Duvessa (D:5)
  2 orc warriors
  7 sky beasts
  An ice beast (D:11)
  A phantom (D:8)
  6 ogres
  3 centaurs
  A gnoll sergeant (D:8)
  3 bullfrogs
  Dowan (D:5)
  2 scorpions
  8 killer bees
  7 wights
  2 crimson imps
  A centaur zombie (Ossuary)
  3 human zombies (Ossuary)
  A quasit (D:9)
  7 hounds
  3 jellies
  An orc priest (D:6)
  Crazy Yiuf (D:2)
  A bullfrog skeleton (D:10)
  A centaur skeleton (D:4)
  Jessica (D:3)
  Natasha (thrice) (D:2)
  4 orc wizards
  6 worker ants
  A big kobold zombie (Ossuary)
  3 hound zombies
  A hound skeleton (D:10)
  4 mummies
  5 gnolls (D:8)
  2 howler monkey skeletons
  4 adders
  2 shadow imps (D:10)
  An ooze (D:3)
  5 adder zombies
  4 worms
  7 leopard geckos
  26 orcs
  A ball python (D:3)
  3 giant cockroaches
  3 gnoll zombies (Ossuary)
  9 goblins
  3 hobgoblins (D:2)
  11 jackals
  3 quokkas
  6 bats
  11 frilled lizards
  7 hobgoblin zombies (Ossuary)
  3 jackal zombies (Ossuary)
  6 kobolds
  A kobold zombie (Ossuary)
  A leopard gecko skeleton (D:4)
  3 orc zombies (Ossuary)
  2 quokka skeletons
  3 quokka zombies
  9 rats
  5 rat zombies (Ossuary)
257 creatures vanquished.

Notes
Turn   | Place    | Note
-------+----------+-------------------------------------------
     0 | D:1      | robertstho the Merfolk Berserker began the quest for the
                  | Orb.
     0 | D:1      | Reached XP level 1. HP: 18/18 MP: 1/1
   194 | D:1      | Reached XP level 2. HP: 20/24 MP: 2/2
   861 | D:2      | Reached skill level 5 in Polearms
   883 | D:2      | Reached XP level 3. HP: 27/30 MP: 3/3
  1153 | D:2      | Noticed Natasha
  1159 | D:2      | Killed Natasha
  1278 | D:2      | Found a runed translucent door.
  1279 | D:2      | Noticed Crazy Yiuf
  1416 | D:2      | Noticed Natasha
  1429 | D:2      | Killed Natasha
  1429 | D:2      | Reached XP level 4. HP: 22/37 MP: 4/4
  1459 | D:2      | Reached ** piety under Trog
  1634 | D:2      | Noticed Natasha
  1652 | D:2      | Killed Natasha
  1652 | D:2      | Reached skill level 6 in Polearms
  1652 | D:2      | Reached XP level 5. HP: 42/42 MP: 5/5
  1725 | D:2      | Killed Crazy Yiuf
  1725 | D:2      | Reached skill level 1 in Stealth
  1978 | D:3      | Found a faded altar of an unknown god.
  1997 | D:3      | Found a white marble altar of Elyvilon.
  2108 | D:3      | Found an ancient bone altar of Kikubaaqudgha.
  2244 | D:3      | Found an iron altar of Okawaru.
  2311 | D:3      | Found an ornate altar of the Wu Jian Council.
  2366 | D:3      | Noticed Jessica
  2373 | D:3      | Killed Jessica
  2373 | D:3      | Reached skill level 7 in Polearms
  2386 | D:3      | Found a shimmering blue altar of Sif Muna.
  2424 | D:4      | Found a shattered altar of Ashenzari.
  2554 | D:4      | Reached XP level 6. HP: 39/49 MP: 6/6
  2650 | D:4      | Found a shimmering altar of Xom.
  2657 | D:4      | Found a shimmering altar of Xom.
  2658 | D:4      | Found a shimmering altar of Xom.
  2659 | D:4      | Found a shimmering altar of Xom.
  2677 | D:4      | Found a shimmering altar of Xom.
  2678 | D:4      | Found a shimmering altar of Xom.
  2782 | D:4      | Reached *** piety under Trog
  2812 | D:4      | Reached skill level 8 in Polearms
  2816 | D:4      | Reached skill level 5 in Fighting
  2816 | D:4      | Reached XP level 7. HP: 56/56 MP: 7/7
  2889 | D:4      | Reached skill level 9 in Polearms
  3161 | D:4      | Found a shimmering altar of Xom.
  3282 | D:5      | Entered Level 5 of the Dungeon
  3282 | D:5      | Noticed Sigmund
  3312 | D:5      | Killed Sigmund
  3312 | D:5      | Reached XP level 8. HP: 64/64 MP: 8/8
  3410 | D:5      | Reached skill level 10 in Polearms
  3669 | D:5      | Found an opulent altar of Gozag.
  3693 | D:5      | Noticed Edmund
  3711 | D:5      | Killed Edmund
  3904 | D:5      | Found a snail-covered altar of Cheibriados.
  3938 | D:5      | Noticed Dowan
  3939 | D:5      | Noticed Duvessa
  3958 | D:5      | Killed Duvessa
  3970 | D:5      | Killed Dowan
  3970 | D:5      | Reached skill level 5 in Dodging
  4164 | D:5      | Found a glowing golden altar of the Shining One.
  4358 | D:6      | Reached skill level 11 in Polearms
  4405 | D:6      | Found Laadiut's Book Shop.
  4407 | D:6      | Found Ynurhid's General Store.
  4414 | D:6      | Bought a scroll of magic mapping for 49 gold pieces
  4479 | D:6      | Found Gimauw's Food Shoppe.
  4529 | D:6      | Found a staircase to the Ecumenical Temple.
  4812 | D:6      | Noticed Pikel
  4831 | D:6      | Killed Pikel
  4831 | D:6      | Reached skill level 12 in Polearms
  4831 | D:6      | Reached XP level 9. HP: 64/71 MP: 9/9
  4865 | D:6      | Found Wonn's General Store.
  4876 | D:6      | Bought 3 scrolls of identify for 84 gold pieces
  4876 | D:6      | Bought a scroll of enchant armour for 105 gold pieces
  4876 | D:6      | Bought a scroll of identify for 28 gold pieces
  4915 | D:6      | Found a bloodstained altar of Trog.
  4915 | D:6      | Found a stormy altar of Qazlal.
  4979 | D:6      | Found a shadowy altar of Dithmenos.
  5309 | D:7      | Reached **** piety under Trog
  5796 | D:7      | Found an iron altar of Okawaru.
  5801 | D:7      | Found a sand-covered staircase.
  5827 | Ossuary  | Entered an ossuary
  6225 | Ossuary  | Reached skill level 13 in Polearms
  6230 | Ossuary  | Reached ***** piety under Trog
  6230 | Ossuary  | Received a gift from Trog
  6503 | D:8      | Reached skill level 5 in Armour
  6503 | D:8      | Reached XP level 10. HP: 73/80 MP: 10/10
  6547 | D:8      | Found a sacrificial altar of Ru.
  6900 | D:8      | Found a staircase to the Lair.
  7355 | D:8      | Found a blossoming altar of Fedhas.
  7532 | D:9      | Reached skill level 14 in Polearms
  7721 | D:9      | Got a faintly humming cloak
  7732 | D:9      | Identified the +1 cloak of Duty {rF+ rN+} (You found it on
                  | level 9 of the Dungeon)
  7813 | D:9      | Received a gift from Trog
  7952 | D:9      | Noticed Psyche
  7956 | D:9      | Killed Psyche
  8319 | D:10     | Entered Level 10 of the Dungeon
  8398 | D:10     | Found a staircase to the Orcish Mines.
  8425 | D:10     | Reached skill level 15 in Polearms
  8425 | D:10     | Reached XP level 11. HP: 47/89 MP: 3/11
  8833 | D:10     | Found a portal to a secret trove of treasure.
  9343 | D:11     | Noticed Sonja
  9391 | D:11     | Slain by a troll

Levels and vault maps discovered:
D:1:      scummos_arrival_hexagon, layout_loops_ring, serial_bayou_ford_a,
          minmay_unequal
D:2:      layout_basic, minmay_misc_feat_doors, corexii_item_surrounded_by_moat,
          minmay_tripent, uniq_crazy_yiuf_cottage, uniq_natasha
D:3:      layout_rooms, kiku_gazebo_pond_becter, lemuel_coloured_pillars_altar,
          old_standard_altar, lemuel_round_altar, first_ration,
          chequers_ecumenical_altar_simple_redux, tgw_sif
D:4:      minmay_recursive_quarters, layout_basic, ashenzari_altar_1,
          xom_redecorated
D:5:      layout_cave_pools, kennysheep_mini, nicolae_tso_carved_into_rock,
          marbit_many_paths, dk_noncrumbling_3, hangedman_decor_lopped,
          uniq_sigmund, uniq_edmund, uniq_duvessa
D:6:      layout_basic, kennysheep_mini_moat,
          gammafunk_temple_overflow_elements,
          minmay_temple_entry_statues_pillars, serial_shops, shop, shop, shop,
          shop_fountains, uniq_pikel
D:7:      layout_rooms, basic_altar, gup_ossuary_entry_pyramid,
          roderic_roman_lattice
D:8:      layout_loops_ring, lemuel_round_altar, lair_entry_dummy, basic_altar
D:9:      layout_roguey, the_bakery, uniq_psyche
D:10:     layout_basic, minmay_orc_entry_guard_dogs, enter_trove_6,
          serial_rivers, chequers_serial_rivers_micro_a,
          chequers_serial_rivers_small_b, chequers_serial_rivers_small_3,
          chequers_serial_rivers_micro_b, chequers_serial_rivers_micro_a
D:11:     minmay_the_grid_octo_tiled_squarecenter_mashed
          [minmay_the_grid_octo_concentric, minmay_the_grid_octo_checkered,
          minmay_the_grid_octo_77, minmay_the_grid_octo_tetromino_candy,
          minmay_the_grid_square_5x5_megaprize_hollow,
          minmay_the_grid_square_5x5_tie, minmay_the_grid_square_5x5_inner_v,
          minmay_the_grid_square_5x5_two_small, minmay_the_grid_square_5x5_meh],
          layout_basic, uniq_sonja

Skill      XL: |  1  2  3  4  5  6  7  8  9 10 11 |
---------------+----------------------------------+-----
Fighting       | 4 5 6 8 9 |  9.9
Polearms       | 5 6 7 8 9 12 13 15 | 15.6
Dodging        | 3 4 5 6 7 8 |  8.1
Stealth        | 1 |  1.0
Armour         | 2 4 5 6 |  6.2
Evocations     | |  0.1

Action                   |  1- 3 |  4- 6 |  7- 9 | 10-12 || total
-------------------------+-------+-------+-------+-------++-------
Melee: Spear             |   126 |   177 |   596 |    55 ||   954
       Halberd           |       |       |    48 |   267 ||   315
Invok: Berserk           |     1 |     2 |     7 |     3 ||    13
       Brothers in Arms  |       |       |       |     2 ||     2
Evoke: Wand              |       |       |     1 |     4 ||     5
  Use: Scroll            |       |     3 |    11 |     2 ||    16
       Potion            |       |       |       |     4 ||     4
 Stab: Sleeping          |     3 |       |       |       ||     3
  Eat: Chunk             |     3 |     5 |    19 |    11 ||    38
       Ration            |       |       |     2 |     1 ||     3
Armor: Animal skin       |    20 |     3 |       |       ||    23
       Chain mail        |       |    62 |   106 |       ||   168
       Plate armour      |       |       |    97 |   154 ||   251
Dodge: Dodged            |    60 |    54 |   143 |   128 ||   385

Table legend:
 A = Non-vault XP
 B = Vault XP
 C = Vault XP percentage of total XP
 D = Non-vault monster count
 E = Vault monster count
 F = Vault count percentage of total count
                 A         B        C        D         E       F
            +---------+---------+-------+---------+---------+-------
      Total |    7850 |    4397 |  35.9 |     187 |      70 |  27.2
            +---------+---------+-------+---------+---------+-------
        D:1 |      19 |       2 |   9.5 |      12 |       2 |  14.3
        D:2 |     112 |      78 |  41.1 |      17 |       4 |  19.0
        D:3 |      52 |      37 |  41.6 |      21 |       1 |   4.5
        D:4 |     390 |     258 |  39.8 |      16 |       8 |  33.3
        D:5 |     275 |     634 |  69.7 |      12 |       5 |  29.4
        D:6 |     475 |     697 |  59.5 |      12 |       1 |   7.7
        D:7 |    1234 |      18 |   1.4 |      18 |       1 |   5.3
        D:8 |    1795 |       0 |   0.0 |      34 |       0 |   0.0
        D:9 |    1211 |     630 |  34.2 |      20 |       2 |   9.1
       D:10 |    1336 |     643 |  32.5 |      21 |       4 |  16.0
       D:11 |     951 |    1056 |  52.6 |       4 |       4 |  50.0
    Ossuary |       0 |     344 | 100.0 |       0 |      38 | 100.0
            +---------+---------+-------+---------+---------+-------
